 Dungeon Crawl Stone Soup version 0.31.0-9-g3a7656b989 (webtiles) character file.

Game seed: 3989163913305792473

2 browni3141 the Sneak (level 1, -1/18 HPs)
             Began as a Formicid Delver on Jan 24, 2024.
             Slain by an orc
             ... wielding a +0 morningstar
              (12 damage)
             ... on level 4 of the Dungeon.
             The game lasted 00:00:56 (191 turns).

browni3141 the Sneak (Formicid Delver)               Turns: 191, Time: 00:00:56

Health: -1/18      AC:  3    Str: 16    XL:     1   Next: 33%
Magic:  1/1        EV: 12    Int:  9    God:
Gold:   0          SH:  0    Dex: 15    Spells: 0/0 levels left

rFire   . . .        a - +0 short sword
rCold   . . .        (no shield)
rNeg    . . .        b - +0 leather armour
rPois   .            (helmet unavailable)
rElec   .            (no cloak)
rCorr   .            (no gloves)
SInv    +            (no boots)
Will    .....        G - amulet of magic regeneration
Stlth   +++          (no ring)
HPRegen 0.23/turn    (no ring)
MPRegen 0.47/turn

%: no passive effects
@: no status effects
A: permanent stasis, dig shafts and tunnels, antennae 3, four strong arms
a: Dig, Shaft Self


You were on level 4 of the Dungeon.
You visited 1 branch of the dungeon, and saw 3 of its levels.

Inventory:

Hand Weapons
 a - a +0 short sword (weapon)
Armour
 b - a +0 leather armour (worn)
Jewellery
 G - an amulet of magic regeneration (around neck)
Wands
 f - a wand of digging (3)
Scrolls
 d - a scroll of revelation
 e - a scroll of fear
 F - a scroll of fog
Potions
 H - a potion of curing {unknown}
 I - a potion of invisibility {unknown}


   Skills:
 + Level 3.4 Fighting
 - Level 2.0 Short Blades
 - Level 1.7 Dodging
 - Level 6.0 Stealth


You couldn't memorise any spells.
You didn't know any spells.
Your spell library was empty.

Dungeon Overview and Level Annotations

Branches:
Dungeon (6/15)
 Temple: D:4-7

Altars:

Annotations:
D:4 exclusion: iguana


Innate Abilities, Weirdness & Mutations

You cannot be hasted, slowed, berserked, paralysed or teleported.
You can dig through walls and to a lower floor.
You have a pair of large antennae on your head. (SInv)
Your four strong arms can wield two-handed weapons with a shield.


Message History

Welcome, browni3141 the Formicid Delver.
They say the Orb of Zot lies within this dungeon, but they say a lot of things.
Press ? for a list of commands and other information.
Found a stone staircase leading down.
Setting a skill training target for Axes at 16.0.
Setting a skill training target for Invocations at 14.0.
Setting a skill training target for Throwing at 5.0.
You climb downwards.
There is a stone staircase leading up here.
G - an amulet of magic regeneration
There is a stone staircase leading up here.
You start putting on your amulet.
You continue putting on your amulet of magic regeneration. x5
You finish putting on your amulet of magic regeneration.
G - an amulet of magic regeneration (around neck)
H - a brown potion A black bear comes into view.
An orc wizard comes into view. It is wielding a +0 hand axe.
You can't go up here!
There is a stone staircase leading up here.
You climb upwards.
There is a stone staircase leading down here.
A phantom comes into view.
You see here a ruby potion.
Found an escape hatch in the ceiling.
An orc comes into view. It is wielding a +0 dagger.
An orc wizard comes into view. It is wielding a +0 dagger.
The orc wizard shouts!
You hear a shout!
The orc shouts!
An iguana comes into view.
The orc barely misses you.
The orc wizard moves out of view.
The iguana hisses angrily.
An orc wizard comes into view. It is wielding a +0 dagger.
The orc wizard moves out of view.
You hit the orc but do no damage. The orc hits you with a +0 dagger.
There is an escape hatch in the ceiling here.
The orc closely misses you. A mysterious force pulls you upwards.
The hatch slams shut behind you.
You completely miss the orc. The orc hits you but does no damage.
You hit the orc.
The orc is heavily wounded.
The orc misses you.
You hit the orc but do no damage.
The orc is heavily wounded.
The orc hits you but does no damage.
You hit the orc.
You kill the orc!
You see here a +0 dagger.
You open the door.
There is an open door here.
Found an escape hatch in the floor.
There is an escape hatch in the floor here.
I - a viscous orange potion You open the door.
An iguana comes into view.
You close the door.
Press: ? - help, . - travel You can't see that place. [the floor.] Placed new exclusion.
There is an open door here.
You open the door.
Found a stone staircase leading down.
There is an open door here.
There is a stone staircase leading down here.
You climb downwards.
There is a stone staircase leading up here.
You climb upwards.
Level annotation: exclusion: iguana
There is a stone staircase leading down here.
There is an open door here.
An orc comes into view. It is wielding a +0 morningstar.
The orc shouts!
You hit the orc.
The orc is moderately wounded.
The orc hits you with a +0 morningstar!
You are too injured to fight recklessly!
You are too injured to fight recklessly!
You are too injured to fight recklessly!
You hit the orc.
The orc is severely wounded.
You closely miss the orc.
The orc is severely wounded.
The orc hits you with a +0 morningstar!
Ouch! That really hurt!
You die...

+....# #...#...#. {
#....# ##.#...#.#.
##+###....####..#...#.#.
..................#...#.
................#.#.#...
................########
.................).....
#.......######.........
#......@#....#.........
#......o#>...'.........
#.......######.....#####
#.......# #.....#....
#.......# #.....#....
#.......# #.....#..l.
#.......# #.....#....
#.......# #.....#....
#.....#....


You could see an orc.

Vanquished Creatures
  An orc (D:4)
1 creature vanquished.

Notes
Turn   | Place    | Note
-------+----------+-------------------------------------------
     0 | D:5      | browni3141 the Formicid Delver began the quest for the Orb.
     0 | D:5      | Reached XP level 1. HP: 18/18 MP: 1/1
    34 | D:6      | Noticed a black bear
    60 | D:6      | Noticed an orc wizard
    75 | D:5      | Noticed a phantom
    95 | D:5      | Noticed an orc wizard
    95 | D:5      | Noticed an iguana
    96 | D:5      | Noticed an orc wizard
   130 | D:4      | Noticed an iguana
   191 | D:4      | Slain by an orc

Illustrated notes

Levels and vault maps discovered:
D:4:      layout_gridville, minmay_misc_feat_alley, minmay_ruptured, uniq_pikel,
          uniq_duvessa, uniq_edmund
D:5:      nicolae_BIG_FREAKIN_CUBE, layout_basic,
          nicolae_overflow_quartered_altars, gammafunk_ghost_grave
D:6:      layout_loops_ring, chequers_temple_overflow_statue_of_worship,
          serial_shops, nicolae_shop_stone, uniq_grinder, uniq_blork_the_orc,
          uniq_crazy_yiuf_cottage

Action                     || total
---------------------------++-------
  Melee: Short sword       ||     8
 Armour: Leather armour    ||     5
  Dodge: Dodged            ||     3
